 Dungeon Crawl Stone Soup version 0.28-a0-973-ga7f8b01127 (webtiles) character file.

Game seed: 9160642577141306565

346 tatocazan the Skirmisher (level 6, -1/49 HPs)
             Began as a Demonspawn Fighter on Dec 2, 2021.
             Slain by a hound (3 damage)
             ... on level 4 of the Dungeon.
             The game lasted 00:02:58 (3585 turns).

tatocazan the Skirmisher (Demonspawn Fighter)       Turns: 3585, Time: 00:03:00

Health: -1/49      AC:  9    Str: 19    XL:     6   Next: 32%
Magic:  6/6        EV:  9    Int:  9    God:
Gold:   80         SH:  5    Dex: 12    Spells: 5/5 levels left

rFire   . . .      SeeInvis .   a - +0 war axe
rCold   . . .      Faith    .   c - +0 buckler
rNeg    + . .      Spirit   .   b - +0 scale mail
rPois   +          Reflect  .   f - +0 helmet
rElec   .          Harm     .   (no cloak)
rCorr   .          Rampage  .   (no gloves)
Will    .....                   q - +0 pair of boots of Starshine {+Inv rN+}
Stlth   ..........              (no amulet)
HPRegen 0.16/turn               i - ring of poison resistance
MPRegen 0.10/turn               (no ring)

@: no status effects
A: powered by pain 2, weakness stinger 1
a: Evoke Invisibility


You were on level 4 of the Dungeon.
You visited 1 branch of the dungeon, and saw 4 of its levels.
You also visited: Sewer.

You collected 80 gold pieces.

Inventory:

Hand Weapons
 a - a +0 war axe (weapon)
Armour
 b - a +0 scale mail (worn)
 c - a +0 buckler (worn)
 f - a +0 helmet (worn)
 q - the +0 pair of boots of Starshine (worn) {+Inv rN+}
   (You found it on level 4 of the Dungeon)

   rN:        It protects you from negative energy.
   +Inv:      It lets you turn invisible.
Jewellery
 i - a ring of poison resistance (left hand)
Scrolls
 e - 2 scrolls of fear {unknown}
 h - a scroll of holy word {unknown}
 j - 4 scrolls of identify {unknown}
 l - a scroll of noise {unknown}
 o - a scroll of amnesia {unknown}
 p - a scroll of acquirement {unknown}
 s - a scroll of enchant armour {unknown}
Potions
 d - a potion of might
 g - 4 potions of curing
 k - a potion of degeneration {unknown}
 m - 2 potions of heal wounds
 n - 2 potions of flight
 r - a potion of resistance {unknown}
 t - a potion of attraction {unknown}


   Skills:
 + Level 4.3 Fighting
 + Level 3.4 Axes
 + Level 4.0 Armour
 + Level 4.0 Shields


You had 5 spell levels left.
You didn't know any spells.
Your spell library was empty.

Dungeon Overview and Level Annotations

Branches:
Dungeon (4/15)              Sewer (visited)
 Temple: D:4-7

Altars:


Innate Abilities, Weirdness & Mutations

You sometimes gain power by taking damage.
You have a small tail.


Message History

The hound bites you.
* * * LOW HITPOINT WARNING * * *
You take 1 damage, and have 6/49 hp.
You hit the hound.
You tail-slap the hound, but do no damage.
The hound is almost dead.
The hound bites you but does no damage. You block the hound's attack.
You closely miss the hound.
The hound is almost dead.
The hound bites you but does no damage. x2
You miss the hound.
The hound is almost dead.
The hound bites you but does no damage. x2
You barely miss the hound.
Your tail-slap misses the hound.
The hound is almost dead.
The hound bites you but does no damage. The hound closely misses you.
The hound misses you.
You barely miss the hound.
The hound is almost dead.
The hound bites you but does no damage. The hound closely misses you.
You barely miss the hound.
Your tail-slap misses the hound.
The hound is almost dead.
The hound bites you but does no damage. The hound closely misses you.
You barely miss the hound.
The hound is almost dead.
The hound bites you but does no damage. The hound bites you.
* * * LOW HITPOINT WARNING * * *
You take 3 damage, and have 5/49 hp.
You miss the hound.
The hound is almost dead.
The hound closely misses you. The hound bites you but does no damage.
You hit the hound but do no damage.
The hound is almost dead.
The hound closely misses you.
You miss the hound.
The hound is almost dead.
The hound bites you.
* * * LOW HITPOINT WARNING * * *
The hound bites you.
You die...

...$.# .....#
.....# .....#
########.....#
.............#
......)h)...<#
.......@#
........#
........#
........#
........#
#.)......#
#........#
#........#
#........#


You could see a hound.

Vanquished Creatures
  A kobold brigand (Sewer)
  A centaur zombie (D:3)
  Natasha (thrice) (D:3)
  A hound skeleton (D:2)
  3 river rats (Sewer)
  3 adders
  7 worms
  A dart slug (D:1)
  7 orcs
  5 ball pythons
  8 bats
  7 endoplasms
  3 giant cockroaches
  4 goblins
  4 hobgoblins
  2 jackals (Sewer)
  5 kobolds
  3 quokkas
  5 frilled lizards
  7 rats
80 creatures vanquished.

Notes
Turn   | Place    | Note
-------+----------+-------------------------------------------
     0 | D:1      | tatocazan the Demonspawn Fighter began the quest for the
                  | Orb.
     0 | D:1      | Reached XP level 1. HP: 18/18 MP: 1/1
   192 | D:1      | Gained mutation: You sometimes gain a little power by
                  | taking damage. [demonic ancestry]
   192 | D:1      | Reached XP level 2. HP: 21/24 MP: 2/2
   946 | D:1      | Gained mutation: You sometimes gain power by taking damage.
                  | [demonic ancestry]
   946 | D:1      | Reached XP level 3. HP: 29/29 MP: 3/3
  1498 | D:2      | Reached XP level 4. HP: 35/35 MP: 4/4
  2391 | D:3      | Found a glowing drain.
  2410 | Sewer    | Entered a sewer
  2643 | Sewer    | Noticed a kobold brigand
  2650 | Sewer    | Gained mutation: You have a small tail. [demonic ancestry]
  2650 | Sewer    | Reached XP level 5. HP: 37/42 MP: 5/5
  2862 | D:3      | Noticed Natasha
  2868 | D:3      | Killed Natasha
  2934 | D:3      | Noticed Natasha
  2944 | D:3      | Killed Natasha
  3209 | D:3      | Reached XP level 6. HP: 43/48 MP: 6/6
  3424 | D:3      | Noticed Natasha
  3434 | D:3      | Killed Natasha
  3513 | D:4      | Identified the +0 pair of boots of Starshine {+Inv rN+}
  3585 | D:4      | HP: 2/49 [hound (3)]
  3585 | D:4      | Slain by a hound

Illustrated notes

Levels and vault maps discovered:
D:1:      dpeg_arrival_concentric_ovals, layout_loops_ring, serial_bayou_ford_a,
          nicolae_wormholes
D:2:      layout_loops_ring, grunt_ministairs_2
D:3:      layout_basic, cheibrodos_sewer_entry_drain, uniq_natasha
D:4:      layout_gridville

Skill      XL: |  1  2  3  4  5  6 |
---------------+-------------------+-----
Axes           | 2 3 |  3.4
Shields        | 3 4 |  4.0
Armour         | 3 4 |  4.0
Fighting       | 4 |  4.3

Action                   |  1- 3 |  4- 6 || total
-------------------------+-------+-------++-------
Melee: War axe           |    80 |   163 ||   243
       Tailslap          |       |     9 ||     9
Armor: Scale mail        |    56 |    89 ||   145
Dodge: Dodged            |    39 |    87 ||   126
Block: Buckler           |    18 |    38 ||    56

Table legend: (Time is in decaauts)
 A = Elapsed time spent in this place.
 B = Non-inter-level travel time spent in this place.
 C = Inter-level travel time spent in this place.
 D = Time resting spent in this place.
 E = Time spent auto-exploring this place.
 F = Levels seen in this place.
 G = Mean time per level.
                   A        B        C        D        E       F      G
               +--------+--------+--------+--------+--------+-----+--------+
         Total |   3748 |   3642 |    106 |    659 |   2376 |   5 |  749.6 |
       Dungeon |   3343 |   3237 |    106 |    502 |   2205 |   4 |  835.8 |
         Sewer |    405 |    405 |      0 |    157 |    171 |   1 |  405.0 |
               +--------+--------+--------+--------+--------+-----+--------+

Top non-repeatable levels by time:
     D:1: 1242 daAuts
     D:3: 1129 daAuts
     D:2: 878 daAuts
   Sewer: 405 daAuts
     D:4: 93 daAuts
